 Dungeon Crawl Stone Soup version 0.26-a0-946-g9485abf61d (webtiles) character file.

Game seed: 9539207825138508541

2627 LabCoat the Cleaver (level 9, -2/78 HPs)
             Began as a Hill Orc Fighter on Nov 28, 2020.
             Was a Believer of Trog.
             Killed from afar by an electric eel (6 damage)
             ... with a bolt of electricity
             ... on level 7 of the Dungeon.
             The game lasted 00:24:00 (7805 turns).

LabCoat the Cleaver (Hill Orc Fighter)              Turns: 7805, Time: 00:24:00

Health: -2/78      AC: 13    Str: 22    XL:     9   Next: 61%
Magic:  9/9        EV:  6    Int:  8    God:    Trog [**....]
Gold:   233        SH: 10    Dex: 10    Spells: 8/8 levels left

rFire    + . .     SeeInvis .   a - +0 war axe
rCold    . . .     Faith    .   c - +0 kite shield
rNeg     . . .     Spirit   .   w - +0 chain mail
rPois    .         Reflect  .   F - +0 helmet
rElec    .         Harm     +   y - scarf {harm}
rCorr    .         Rampage  .   G - +0 pair of gloves
MR       ++...                  (no boots)
Stlth    ..........             (no amulet)
HPRegen  1.23/turn              q - ring of protection from fire
MPRegen  0.11/turn              (no ring)

@: lethally poisoned (-2 -> -2), regenerating (expiring), slowed, very slow
A: no striking features
a: Berserk, Trog's Hand, Renounce Religion, Convert to Beogh


You were on level 7 of the Dungeon.
You worshipped Trog.
Trog was pleased with you.
You visited 2 branches of the dungeon, and saw 8 of its levels.

You collected 475 gold pieces.
You spent 242 gold pieces at shops.

Inventory:

Hand Weapons
 a - a +0 war axe (weapon)
 x - a +1 whip of freezing
 E - a +2 mace
Missiles
 m - 3 datura-tipped darts (quivered)
 t - 4 javelins
 B - 9 poisoned darts
 H - 4 boomerangs
Armour
 c - a +0 kite shield (worn)
 w - a +0 chain mail (worn)
 y - a scarf of harm (worn)
 F - a +0 helmet (worn)
 G - a +0 pair of gloves (worn)
Jewellery
 q - a ring of protection from fire (left hand)
Wands
 b - a wand of paralysis (4)
 h - a wand of iceblast (11)
 C - a wand of acid (5)
Scrolls
 e - 2 scrolls of enchant armour
 f - a scroll of random uselessness {unknown}
 g - a scroll of fog {unknown}
 k - 9 scrolls of remove curse
 o - a scroll of blinking
 p - 4 scrolls of fear
 r - 3 scrolls of teleportation
 s - 5 scrolls of enchant weapon
 J - a scroll of amnesia {unknown}
 K - a scroll of torment {unknown}
Potions
 d - a potion of might
 i - a potion of haste
 j - a potion of resistance
 n - a potion of curing {unknown}
 u - 4 potions of brilliance
 v - 2 potions of flight
 z - a potion of mutation {unknown}
 A - a potion of attraction {unknown}
 D - a potion of experience {unknown}
 I - a potion of cancellation {unknown}


   Skills:
 + Level 6.4 Fighting
 * Level 12.7 Axes
 + Level 0.8 Throwing
 + Level 6.6 Armour
 + Level 5.4 Shields
 + Level 0.2 Evocations


You had 8 spell levels left.
You didn't know any spells.
Your spell library contained the following spells:

 Spells                   Type           Power        Failure   Level
 Confusing Touch          Hex            #.......     100%        3
 Gell's Gravitas          Tloc           #.........   100%        3
 Petrify                  Tmut/Erth      #.......     100%        4
 Metabolic Englaciation   Hex/Ice        #.........   100%        5
 Yara's Violent Unravell  Hex/Tmut       #.........   100%        5


Dungeon Overview and Level Annotations

Branches:
Dungeon (7/15)             Temple (1/1) D:4

Altars:
Ashenzari
Cheibriados
Dithmenos
Elyvilon
Fedhas
Gozag
Hepliaklqana
Kikubaaqudgha
Makhleb
Nemelex Xobeh
Okawaru
Qazlal
Ru
Sif Muna
Trog
Uskayaw
Vehumet
Wu Jian
Xom
Yredelemnul
Zin
The Shining One

Shops:
D:4 }

Annotations:
D:4 2 transporters, Trueduck's ghost, amateur TeAE


Message History

You feel very sick.
The hornet stings the plant!
The plant begins to die.
The hornet stings the plant!
The plant begins to die.
You feel very sick.
Your surroundings suddenly seem different.
You feel very sick.
An orc wizard comes into view. It is wielding a +0 dagger of pain.
The orc wizard shouts!
An orc comes into view.
It is wielding a +1 flail of holy wrath.
The orc shouts!
An orc priest comes into view. It is wielding a +0 whip.
The orc priest threatens, "By the altar or by the axe, you will meet Beogh!"
The orc priest shouts!
An orc comes into view. It is wielding a +0 trident.
The orc shouts!
An electric eel comes into view.
The electric eel shoots out a bolt of lightning at you!
The bolt of electricity hits the plant!
The plant begins to die.
The bolt of electricity hits you.
You die...

#### .#
....###### ##.#
.........##o..
............##
...........oo##
PPP........o...
PP.P.......#
≈≈≈≈PP.@..#
≈♣≈≈≈PPPPz#
PP≈♣≈♣;P≈.# . ♣
≈≈≈PP.#
♣♣≈z≈Pz#
♣♣≈PP.# ≈PP...
P.P...#


You could see an electric eel, 3 wights, an orc priest, an orc wizard and 2
orcs.

Vanquished Creatures
  Pikel (D:3)
  Grinder (D:5)
  2 phantoms
  An ogre (D:6)
  3 centaurs
  A big kobold (D:4)
  2 bullfrogs (D:6)
  2 scorpions
  A water moccasin skeleton (D:6)
  11 wights
  An electric eel (D:7)
  3 hounds
  A jelly (D:6)
  A centaur skeleton (D:4)
  An orc priest (D:5)
  3 iguanas
  2 orc wizards (D:4)
  4 worker ants
  4 gnolls
  5 adders
  A shadow imp (D:7)
  A white imp (D:5)
  4 adder skeletons
  3 worms
  4 dart slugs
  4 leopard geckos
  16 orcs
  6 giant cockroaches
  15 goblins
  18 hobgoblins
  36 kobolds
  A quokka (D:6)
  8 bats
  7 frilled lizards
  A giant cockroach zombie (D:6)
  A leopard gecko skeleton (D:5)
  A quokka zombie (D:6)
  5 rats
182 creatures vanquished.

Vanquished Creatures (collateral kills)
  A kobold (D:1)
  A rat (D:1)
2 creatures vanquished.

Vanquished Creatures (others)
  9 plants
9 creatures vanquished.

Grand Total: 193 creatures vanquished

Notes
Turn   | Place    | Note
-------+----------+-------------------------------------------
     0 | D:1      | LabCoat the Hill Orc Fighter began the quest for the Orb.
     0 | D:1      | Reached XP level 1. HP: 19/19 MP: 1/1
   168 | D:1      | Reached skill level 3 in Axes
   171 | D:1      | Reached XP level 2. HP: 25/27 MP: 2/2
   636 | D:1      | Reached XP level 3. HP: 33/33 MP: 3/3
   900 | D:2      | Found a faded altar of an unknown god.
   909 | D:2      | Reached skill level 4 in Axes
  1463 | D:2      | Reached XP level 4. HP: 36/40 MP: 4/4
  1555 | D:2      | Reached skill level 5 in Axes
  1946 | D:3      | Found a burning altar of Makhleb.
  1992 | D:3      | Reached XP level 5. HP: 24/46 MP: 5/5
  2557 | D:4      | Found a staircase to the Ecumenical Temple.
  2564 | D:4      | Noticed a phantom
  2583 | D:4      | Reached skill level 6 in Axes
  2588 | Temple   | Entered the Ecumenical Temple
  2780 | Temple   | Became a worshipper of Trog the Wrathful
  2860 | D:4      | Killed a phantom
  2861 | D:4      | Reached XP level 6. HP: 27/53 MP: 6/6
  3013 | D:4      | Found Diryubbah's Gadget Shoppe.
  3019 | D:4      | Reached skill level 7 in Axes
  3116 | D:4      | Noticed Pikel
  3133 | D:3      | Killed Pikel
  3134 | D:3      | Reached skill level 5 in Fighting
  3134 | D:3      | Reached skill level 8 in Axes
  3134 | D:3      | Reached skill level 5 in Armour
  3134 | D:3      | Reached XP level 7. HP: 9/61 MP: 7/7
  3415 | D:4      | Found a transporter.
  3415 | D:4      | Noticed Trueduck's ghost (amateur TeAE)
  3424 | D:4      | Reached skill level 9 in Axes
  3641 | D:4      | Found a transporter.
  3824 | D:4      | Reached XP level 8. HP: 67/68 MP: 8/8
  3827 | D:4      | Reached * piety under Trog
  4173 | D:4      | Bought a wand of acid (7) for 242 gold pieces
  4205 | D:5      | Entered Level 5 of the Dungeon
  4550 | D:5      | Noticed Grinder
  4556 | D:5      | Paralysed by Grinder for 3 turns
  4602 | D:5      | Paralysed by Grinder for 4 turns
  4610 | D:5      | Killed Grinder
  4611 | D:5      | Reached skill level 10 in Axes
  6080 | D:6      | Reached skill level 11 in Axes
  6080 | D:6      | Reached skill level 5 in Shields
  6117 | D:6      | Reached XP level 9. HP: 48/75 MP: 9/9
  6699 | D:6      | Reached ** piety under Trog
  6856 | D:6      | Reached skill level 12 in Axes
  7341 | D:6      | Found a broken altar of Ashenzari.
  7343 | D:6      | Found a snail-covered altar of Cheibriados.
  7343 | D:6      | Found an opulent altar of Gozag.
  7345 | D:6      | Found a bloodstained altar of Trog.
  7345 | D:6      | Found an iron altar of Okawaru.
  7345 | D:6      | Found a shimmering altar of Xom.
  7784 | D:7      | Noticed a hornet
  7799 | D:7      | Paralysed by a hornet for 2 turns
  7805 | D:7      | Killed from afar by an electric eel

Illustrated notes

Levels and vault maps discovered:
D:1:      psy_arrival_radial02, layout_basic
D:2:      wander_river, layout_basic, chequers_ecumenical_altar_island,
          minmay_pentomino_s4
D:3:      layout_basic, lemuel_round_altar, serial_rivers,
          chequers_serial_rivers_room_a, chequers_serial_rivers_micro_e,
          chequers_serial_rivers_micro_b, chequers_serial_rivers_small_a,
          chequers_serial_rivers_micro_e, grunt_decor_one_mirror,
          ebering_dispersal_statue_hall, minivault_14
D:4:      kennysheep_kobold_camp, layout_basic, minmay_temple_entry_glass,
          gammafunk_ghost_mausoleum, serial_shops, nicolae_shop_waterfront,
          uniq_pikel
D:5:      layout_gridville, serial_rivers, chequers_serial_rivers_micro_d,
          chequers_serial_rivers_micro_a, chequers_serial_rivers_marsh,
          chequers_serial_rivers_small_b, uniq_grinder
D:6:      corexii_shantytown, layout_loops_ring, doesnt_xom_only_xom
D:7:      layout_layer_cave, serial_bayou, serial_bayou_lagoon_a,
          serial_bayou_pond_c, serial_bayou_pond_e, serial_bayou_ford_a,
          enter_bailey_6, minmay_splitting_lines, minmay_door_square,
          chequers_serial_rivers_micro_c
Temple:   compressed_dpeg_circular_temple

Skill      XL: |  1  2  3  4  5  6  7  8  9 |
---------------+----------------------------+-----
Axes           | 3 4 5 6 8 9 11 12 | 12.7
Fighting       | 4 5 6 |  6.4
Armour         | 4 5 6 |  6.6
Shields        | 4 5 |  5.4
Throwing       | |  0.8
Evocations     | |  0.2

Action                   |  1- 3 |  4- 6 |  7- 9 || total
-------------------------+-------+-------+-------++-------
Melee: War axe           |    89 |   125 |   366 ||   580
Throw: Dart              |     1 |       |     3 ||     4
       Javelin           |       |       |     4 ||     4
Invok: Berserk           |       |       |     2 ||     2
       Trog's Hand       |       |       |     1 ||     1
Evoke: Wand              |       |       |     6 ||     6
  Use: Scroll            |     1 |     1 |    10 ||    12
       Potion            |       |     1 |     4 ||     5
 Stab: Paralysed         |       |       |     2 ||     2
Armor: Scale mail        |    36 |    21 |       ||    57
       Chain mail        |       |    36 |   148 ||   184
Dodge: Dodged            |    30 |    25 |    69 ||   124
Block: Kite shield       |    51 |    52 |   155 ||   258

Table legend: (Time is in decaauts)
 A = Elapsed time spent in this place.
 B = Non-inter-level travel time spent in this place.
 C = Inter-level travel time spent in this place.
 D = Time resting spent in this place.
 E = Time spent auto-exploring this place.
 F = Levels seen in this place.
 G = Mean time per level.
                   A        B        C        D        E       F      G
               +--------+--------+--------+--------+--------+-----+--------+
         Total |   7952 |   7794 |    158 |   2263 |   4086 |   8 |  994.0 |
       Dungeon |   7726 |   7577 |    149 |   2263 |   3876 |   7 | 1103.7 |
        Temple |    225 |    216 |      9 |      0 |    210 |   1 |  225.0 |
               +--------+--------+--------+--------+--------+-----+--------+

Top non-repeatable levels by time:
     D:5: 1766 daAuts
     D:6: 1698 daAuts
     D:4: 1178 daAuts
     D:2: 1039 daAuts
     D:3: 994 daAuts
     D:1: 874 daAuts
  Temple: 225 daAuts
     D:7: 174 daAuts
